 Dungeon Crawl Stone Soup version 0.23.1-38-g628c18f423 (webtiles) character file.

Game seed: 6571541638230460078

79 Peloso the Covered (level 4, -1/40 HPs)
             Began as a Minotaur Fighter on Mar 29, 2019.
             Killed from afar by Sigmund (5 damage)
             ... with a puff of flame
             ... on level 2 of the Dungeon.
             The game lasted 00:02:26 (846 turns).

Peloso the Covered (Minotaur Fighter)                Turns: 846, Time: 00:02:27

Health: -1/40      AC:  8    Str: 25    XL:     4   Next: 16%
Magic:  3/3        EV:  8    Int:  5    God:
Gold:   61         SH:  0    Dex: 11    Spells: 3/3 levels left

rFire    . . .     SeeInvis .   a - +0 long sword
rCold    . . .     Gourm    .   c - +0 shield
rNeg     . . .     Faith    .   b - +0 scale mail
rPois    .         Spirit   .   (helmet restricted)
rElec    .         Reflect  .   (no cloak)
rCorr    .         Harm     .   m - +0 pair of gloves
MR       .....                  (no boots)
Stlth    ..........             (no amulet)
HPRegen  0.13/turn              (no ring)
MPRegen  0.08/turn              (no ring)

@: confused, mighty
A: retaliatory headbutt, horns 2
a: no special abilities


You were on level 2 of the Dungeon.
You were not hungry.

You visited 1 branch of the dungeon, and saw 2 of its levels.

You collected 61 gold pieces.

Inventory:

Hand Weapons
 a - a +0 long sword (weapon)
Armour
 b - a +0 scale mail (worn)
 c - a +0 shield (worn)
 m - a +0 pair of gloves (worn)
Scrolls
 e - 2 scrolls of remove curse {unknown}
 g - 3 scrolls of identify {unknown}
 h - a scroll of teleportation {unknown}
 j - a scroll of random uselessness {unknown}
 l - a scroll of enchant weapon {unknown}
 n - a scroll of magic mapping {unknown}
 o - a scroll of fear {unknown}
Potions
 i - a potion of flight {unknown}
 k - a potion of heal wounds {unknown}
 p - a potion of curing {unknown}
Comestibles
 f - 4 rations


   Skills:
 + Level 4.2 Fighting
 + Level 3.5 Long Blades
 + Level 4.4 Armour
 + Level 0.5 Dodging
 + Level 4.2 Shields


You had 3 spell levels left.
You didn't know any spells.
Your spell library was empty.

Dungeon Overview and Level Annotations

Branches:
Dungeon (2/15)

Altars:
Xom
Zin

Annotations:
D:2 Sigmund


Innate Abilities, Weirdness & Mutations

You reflexively headbutt those who attack you in melee.
You have a pair of horns on your head.


Message History

Okay, then.
You hit the kobold but do no damage. You block the kobold's attack.
You hit the kobold.
You kill the kobold!
You feel very mighty all of a sudden. Sigmund casts a spell at you.
You are confused.
Sigmund hits you but does no damage. Sigmund gestures at you while chanting.
The magic dart hits you!
* * * LOW HITPOINT WARNING * * *
You bump into the rock wall.
Sigmund barely misses you.
You bump into the rock wall.
Sigmund points at you and mumbles some strange words.
The magic dart hits you.
* * * LOW HITPOINT WARNING * * *
You bump into the rock wall.
Sigmund gestures at you while chanting. The puff of flame hits you.
You die...

#8.###8[#........
#########'#######
................#
≈≈≈≈≈≈≈≈≈≈≈≈≈≈≈≈≈
≈≈≈≈≈≈≈≈≈≈≈≈≈≈≈≈≈
................#
################# ##@.##
#8.## # ####.##.######@#
###...####..####@#
.#.###.#####.##.## #.##
##.##..#..##
########.#########
..#....#.#....#...
.#..†..........#..
....)..#.#........
....).....@.............


You could see Sigmund.

Vanquished Creatures
  2 adders (D:2)
  A worm (D:2)
  3 dart slugs (D:1)
  4 leopard geckos (D:1)
  4 giant cockroaches
  6 goblins
  6 hobgoblins
  6 kobolds
  2 ball pythons (D:2)
  4 bats
  4 frilled lizards
  4 rats
46 creatures vanquished.

Notes
Turn   | Place    | Note
-------+----------+-------------------------------------------
     0 | D:1      | Peloso the Minotaur Fighter began the quest for the Orb.
     0 | D:1      | Reached XP level 1. HP: 19/19 MP: 0/0
    76 | D:1      | Reached XP level 2. HP: 25/27 MP: 1/1
   267 | D:1      | Reached XP level 3. HP: 28/33 MP: 2/2
   676 | D:2      | Reached XP level 4. HP: 36/40 MP: 3/3
   747 | D:2      | Found a glowing silver altar of Zin.
   747 | D:2      | Noticed an angel
   751 | D:2      | Found a shimmering altar of Xom.
   777 | D:2      | Noticed Sigmund
   846 | D:2      | Killed from afar by Sigmund

Skill      XL: |  1  2  3 |
---------------+----------+-----
Armour         | 4 |  4.4
Shields        | 4 |  4.2
Long Blades    | 3 |  3.5
Fighting       | 4 |  4.2
Dodging        | |  0.5

Action                   |  1- 3 |  4- 6 || total
-------------------------+-------+-------++-------
Melee: Long sword        |    98 |    20 ||   118
       Headbutt          |    10 |     3 ||    13
  Use: Potion            |       |     1 ||     1
Armor: Scale mail        |    54 |    13 ||    67
Dodge: Dodged            |    32 |     4 ||    36
Block: Shield            |    57 |     7 ||    64
       Rpst.: Long sword |    10 |       ||    10
